 Dungeon Crawl Stone Soup version 0.20-a0-1126-g0f15420 (webtiles) character file.

2382 lauthentik the Covert (level 9, -4/61 HPs)
             Began as a Vampire Enchanter on May 17, 2017.
             Was a Believer of Kikubaaqudgha.
             Slain by a wyvern (12 damage)
             ... on level 8 of the Dungeon.
             The game lasted 00:20:01 (6847 turns).

lauthentik the Covert (Vampire Enchanter)           Turns: 6847, Time: 00:20:02

Health: -4/61      AC:  5    Str:  7    XL:     9   Next: 22%
Magic:  13/17      EV: 14    Int: 20    God:    Kikubaaqudgha [**....]
Gold:   425        SH:  0    Dex: 15    Spells: 10/19 levels left

rFire    . . .     SeeInvis +   G - +0 rapier
rCold    + + +     Gourm    .   (no shield)
rNeg     + + +     Faith    .   b - +0 robe
rPois    ∞         Spirit   .   (no helmet)
rElec    .         Reflect  .   r - +0 cloak
rCorr    .         Harm     .   f - +0 pair of gloves
MR       .....                  n - +0 pair of boots
Stlth    +++++++...             I - amulet of rage
Regen    0.0/turn               m - ring of protection from cold
MPRegen  0.2/turn               E - ring of wizardry

@: bloodless, non-regenerating
A: fangs 3, see invisible, unbreathing
a: Bat Form, Receive Corpses, Renounce Religion, Evoke Berserk Rage


You were on level 8 of the Dungeon.
You worshipped Kikubaaqudgha.
Kikubaaqudgha was pleased with you.
You were bloodless.

You visited 1 branch of the dungeon, and saw 8 of its levels.

You collected 425 gold pieces.

Inventory:

Hand Weapons
 a - a +1 dagger
 G - a +0 rapier (weapon)
Missiles
 u - 7 tomahawks
 w - 2 throwing nets (quivered)
Armour
 b - a +0 robe (worn)
 f - a +0 pair of gloves (worn)
 n - a +0 pair of boots (worn)
 r - a +0 cloak (worn)
 M - +0 acid dragon scales
Jewellery
 m - a ring of protection from cold (left hand)
 D - a -3 ring of intelligence
 E - a ring of wizardry (right hand)
 I - an amulet of rage (around neck)
Wands
 N - a wand of iceblast (12/15)
 O - a wand of flame (11/48)
Scrolls
 e - a scroll of amnesia
 g - 5 scrolls of remove curse
 h - a scroll of immolation {unknown}
 j - 8 scrolls of identify
 k - a scroll of enchant weapon {unknown}
 l - 4 scrolls of fog {unknown}
 s - 3 scrolls of teleportation {unknown}
 v - a scroll of fear {unknown}
 y - a scroll of enchant armour {unknown}
 J - a scroll of random uselessness {unknown}
 K - a scroll of recharging {unknown}
Potions
 d - 7 potions of blood
 i - 4 potions of might {unknown}
 o - 3 potions of lignification {unknown}
 p - a potion of flight {unknown}
 q - a potion of agility {unknown}
 t - a potion of mutation {unknown}
 x - a potion of invisibility {unknown}
 z - a potion of curing {unknown}
 B - a potion of berserk rage {unknown}
 C - a potion of brilliance {unknown}
 F - a potion of ambrosia {unknown}
 H - a potion of heal wounds {unknown}
 L - a potion of resistance {unknown}
Books
 c - a book of Maledictions

   Spells                             Type                      Level
   a - Corona                         Hexes                        1
   b - Ensorcelled Hibernation        Hexes/Ice                    2
   c - Confuse                        Hexes                        3
   d - Tukima's Dance                 Hexes                        3
   e - Dazzling Spray                 Conjuration/Hexes            3
 A - Kikubaaqudgha's Volume of Darkness
   (Kikubaaqudgha gifted it to you on level 5 of the Dungeon)

   Spells                             Type                      Level
   a - Pain                           Necromancy                   1
   b - Corpse Rot                     Necromancy                   2
   c - Sublimation of Blood           Necromancy                   2
   d - Vampiric Draining              Necromancy                   3
   e - Control Undead                 Necromancy                   4


   Skills:
 + Level 1.8 Fighting
 + Level 4.3 Short Blades
 + Level 0.1 Throwing
 + Level 3.5 Dodging
 + Level 13.0 Stealth
 + Level 5.7 Spellcasting
 - Level 6.6 Hexes
 + Level 1.3 Necromancy
 - Level 2.2 Ice Magic


You had 10 spell levels left.
You knew the following spells:

 Your Spells              Type           Power        Failure   Level  Hunger
a - Ensorcelled Hibernat  Hex/Ice        ###...       1%          2    None
c - Confuse               Hex            ####....     1%          3    ##.....
d - Pain                  Necr           ##..         2%          1    None
e - Vampiric Draining     Necr           ##........   8%          3    ##.....


Dungeon Overview and Level Annotations

Branches:
Dungeon (8/15)             Temple (0/1) D:6
   Lair: D:8-11

Altars:
Ashenzari
Elyvilon
Fedhas
Kikubaaqudgha
Makhleb
Qazlal
Ru

Annotations:
D:3 Shinoi's ghost, amateur DEFE


Innate Abilities, Weirdness & Mutations

You do not heal naturally.
You are immune to poison.
You have razor-sharp teeth.
You have supernaturally acute eyesight. (SInv)
You can survive without breathing.


Message History

The wyvern bites you! The orc wizard barely misses you.
The orc priest looks encouraged for a moment.
The wyvern bites you but does no damage.
You hit the wyvern.
The wyvern is moderately wounded.
The wyvern bites you!
The orc wizard hits you but does no damage.
The orc priest misses you. The wyvern bites you.
* * * LOW HITPOINT WARNING * * *
Casting: Ensorcelled Hibernation
Confirm with . or Enter, or press ? or * to list all spells.
Aiming: Ensorcelled Hibernation
Press: ? - help, Shift-Dir - straight line, f/p - orc priest
Aim: an orc priest, wielding a dagger (chance to defeat MR: 52%)
The wyvern resists with some effort.
The wyvern bites you!
* * * LOW HITPOINT WARNING * * *
The wyvern bites you!
You die...
Kikubaaqudgha rasps: "You have failed me!
Welcome... oblivion!"

##########
#........#
#.######.#
######+##
......##.#
#.......#
#.###.##.#
+.......# #.#
#....# #..ooo..#
#.##############l#
..............##@#
#.###########.##.#
#.....(.....#.##.#
#.<########.#.##.#
#..########.#.##.#
#..#...........(.#
#..#.#######.....#
#..#.#######.....#
#..#.##....'.....#


You could see an orc warrior, a wyvern, an orc priest and an orc wizard.

Vanquished Creatures
  Psyche (D:8)
  A wyvern (D:7)
  Duvessa (D:7)
  An orc warrior (D:7)
  An ice beast (D:6)
  A phantom (D:8)
  An ogre (D:5)
  3 centaurs
  4 bullfrogs
  Dowan (D:7)
  3 howler monkeys
  A crimson imp (D:7)
  A jelly (D:7)
  4 bullfrog skeletons
  2 hounds
  An orc priest (D:5)
  Crazy Yiuf (D:3)
  2 iguanas (D:5)
  A centaur skeleton (D:8)
  4 orc wizards
  4 worker ants
  2 hound skeletons
  4 gnolls (D:5)
  A howler monkey skeleton (D:5)
  11 adders
  A shadow imp (D:8)
  An ooze (D:3)
  An adder skeleton (D:8)
  4 worms
  A dart slug (D:1)
  A leopard gecko (D:5)
  8 orcs
  3 ball pythons
  4 giant cockroaches
  7 hobgoblins
  6 jackals
  3 quokkas
  5 bats
  3 frilled lizards
  6 goblins
  3 kobolds
  7 rats
121 creatures vanquished.

Notes
Turn   | Place    | Note
-------+----------+-------------------------------------------
     0 | D:1      | lauthentik the Vampire Enchanter began the quest for the Orb.
     0 | D:1      | Reached XP level 1. HP: 13/13 MP: 3/3
   468 | D:1      | Reached XP level 2. HP: 5/19 MP: 1/5
   473 | D:1      | Learned a level 2 spell: Ensorcelled Hibernation
   977 | D:1      | Reached skill level 5 in Stealth
  1215 | D:2      | Reached XP level 3. HP: 24/24 MP: 0/6
  1494 | D:2      | Found a sacrificial altar of Ru.
  1514 | D:2      | Reached XP level 4. HP: 30/30 MP: 6/8
  1681 | D:3      | Found a white marble altar of Elyvilon.
  1707 | D:3      | Noticed Shinoi's ghost (amateur DEFE)
  1737 | D:3      | Learned a level 3 spell: Confuse
  1782 | D:3      | Reached skill level 6 in Stealth
  1832 | D:3      | Found an ancient bone altar of Kikubaaqudgha.
  1838 | D:3      | Became a worshipper of Kikubaaqudgha
  2005 | D:3      | Found a runed door.
  2009 | D:3      | Noticed Crazy Yiuf
  2013 | D:3      | Killed Crazy Yiuf
  2280 | D:3      | Found a blossoming altar of Fedhas.
  2284 | D:3      | Found a stormy altar of Qazlal.
  2286 | D:3      | Found a shattered altar of Ashenzari.
  2465 | D:4      | Reached XP level 5. HP: 35/35 MP: 9/9
  2480 | D:4      | Reached skill level 7 in Stealth
  2480 | D:4      | Reached skill level 1 in Ice Magic
  2834 | D:4      | Reached skill level 5 in Hexes
  2888 | D:4      | Reached XP level 6. HP: 41/41 MP: 10/10
  2951 | D:5      | Entered Level 5 of the Dungeon
  3022 | D:5      | Reached skill level 8 in Stealth
  3444 | D:5      | Reached XP level 7. HP: 47/47 MP: 8/11
  3750 | D:5      | Reached skill level 9 in Stealth
  3753 | D:5      | Reached * piety under Kikubaaqudgha
  3753 | D:5      | Identified Kikubaaqudgha's Volume of Darkness (Kikubaaqudgha gifted it to you on level 5 of the Dungeon)
  3753 | D:5      | Received a gift from Kikubaaqudgha
  3783 | D:5      | Learned a level 1 spell: Pain
  3868 | D:5      | Reached skill level 1 in Fighting
  4465 | D:6      | Found a burning altar of Makhleb.
  4465 | D:6      | Noticed a blizzard demon
  4468 | D:6      | Noticed an orange demon
  4468 | D:6      | Noticed a neqoxec
  4669 | D:6      | Found a staircase to the Ecumenical Temple.
  4672 | D:6      | Reached skill level 10 in Stealth
  4672 | D:6      | Reached XP level 8. HP: 54/54 MP: 14/14
  5331 | D:7      | Reached skill level 11 in Stealth
  5331 | D:7      | Reached skill level 1 in Necromancy
  5381 | D:7      | Reached skill level 5 in Spellcasting
  5725 | D:7      | Reached skill level 12 in Stealth
  5870 | D:7      | Noticed Dowan
  5873 | D:7      | Noticed Duvessa
  5877 | D:7      | Killed Dowan
  5899 | D:7      | Killed Duvessa
  6064 | D:7      | Learned a level 3 spell: Vampiric Draining
  6200 | D:8      | Noticed Psyche
  6207 | D:8      | Killed Psyche
  6207 | D:8      | Reached XP level 9. HP: 49/59 MP: 17/17
  6439 | D:8      | Reached skill level 13 in Stealth
  6528 | D:8      | Reached ** piety under Kikubaaqudgha
  6847 | D:8      | Slain by a wyvern

Vault maps used:
D:1:      mainiacjoe_arrival_reflecting_pool, st_stairs_6, minivault_5
D:2:      nicolae_ru_awakened_eye
D:3:      nicolae_overflow_crystal_walls, nicolae_overflow_quartered_altars,
          minitemple, elyvilon_altar_5, uniq_robin, uniq_crazy_yiuf_cottage
D:5:      first_bread
D:6:      minmay_temple_entry_statues_pillars, makhleb_altar_promises_db
D:7:      uniq_duvessa
D:8:      uniq_psyche

Skill      XL: |  1  2  3  4  5  6  7  8  9 |
---------------+----------------------------+-----
Stealth        | 5 6 7 8 10 12 13 | 13.0
Short Blades   | 2 3 4 |  4.3
Ice Magic      | 1 2 |  2.2
Hexes          | 5 6 |  6.6
Spellcasting   | 3 4 5 |  5.7
Dodging        | 3 |  3.5
Fighting       | 1 |  1.8
Necromancy     | 1 |  1.3
Throwing       | |  0.1

Action                   |  1- 3 |  4- 6 |  7- 9 || total
-------------------------+-------+-------+-------++-------
Melee: Dagger            |    91 |    77 |    35 ||   203
       Bite              |     6 |     5 |     5 ||    16
       Rapier            |       |       |    72 ||    72
Throw: Throwing net      |       |     1 |       ||     1
 Cast: Corona            |     7 |       |       ||     7
       Ensorcelled Hiber |    17 |    25 |    33 ||    75
       Confuse           |       |     1 |     9 ||    10
       Pain              |       |       |     9 ||     9
       Vampiric Draining |       |       |     1 ||     1
  Use: Potion            |       |       |     2 ||     2
       Scroll            |       |       |     4 ||     4
 Stab: Sleeping          |    21 |    31 |    39 ||    91
       Confused          |       |     1 |     7 ||     8
       Held in net/web   |       |     1 |       ||     1
Armor: Robe              |    22 |    12 |    24 ||    58
Dodge: Dodged            |    71 |    32 |    56 ||   159
